 Dungeon Crawl Stone Soup version 0.18.1-8-gdd0e5ea (webtiles) character file.

308 Hipnos the Firebug (level 6, -3/41 HPs)
             Began as a Mummy Fire Elementalist on May 22, 2016.
             Slain by a worker ant (5 damage)
             ... on level 4 of the Dungeon.
             The game lasted 00:09:52 (3662 turns).

Hipnos the Firebug (Mummy Fire Elementalist)        Turns: 3662, Time: 00:09:53

Health: -3/41      AC:  2    Str: 11    XL:     6   Next: 17%
Magic:  5/10       EV: 12    Int: 17    God:
Gold:   140        SH:  0    Dex: 12    Spells: 4 memorised, 1 level left

rFire  x . .     SeeInvis .     c - +0 dagger
rCold  + . .     Gourm    .     a - +0 robe
rNeg   + + +     Faith    .     (no shield)
rPois  ∞         Spirit   .     (no helmet)
rElec  .         Dismiss  .     (no cloak)
rCorr  .         Reflect  .     (no gloves)
SustAt .         Harm     .     (no boots)
MR     .....                    (no amulet)
Stlth  ++........               (no ring)
                                j - ring of positive energy

@: very slightly contaminated, not resistant to hostile enchantments, unstealthy
A: no food or potions, fire vulnerability, cold resistance 1, negative energy
resistance 3, torment resistance, unbreathing
a: no special abilities


You were on level 4 of the Dungeon.
You were not hungry.

You visited 1 branch of the dungeon, and saw 5 of its levels.

You collected 140 gold pieces.

Inventory:

Hand Weapons
 c - a +0 dagger (weapon)
Armour
 a - a +0 robe (worn)
Jewellery
 j - a ring of positive energy (left hand)
Scrolls
 e - a scroll of remove curse
 f - 3 scrolls of immolation
 g - a scroll of enchant armour
 i - a scroll of fear {unknown}
Books
 b - a book of Flames

   Spells                             Type                      Level
   a - Flame Tongue                   Conjuration/Fire             1
   b - Throw Flame                    Conjuration/Fire             2
   c - Conjure Flame                  Conjuration/Fire             3
   d - Inner Flame                    Hexes/Fire                   3
   e - Sticky Flame                   Conjuration/Fire             4
   f - Fireball                       Conjuration/Fire             5


   Skills:
 - Level 1.5 Dodging
 - Level 1.5 Stealth
 + Level 3.2 Spellcasting
 * Level 2.5 Conjurations
 * Level 4.5 Fire Magic


You had one spell level left.
You knew the following spells:

 Your Spells              Type           Power        Failure   Level  Hunger
a - Flame Tongue          Conj/Fire      ##...        4%          1    N/A
b - Throw Flame           Conj/Fire      ##....       10%         2    N/A
c - Conjure Flame         Conj/Fire      ##......     14%         3    N/A
d - Sticky Flame          Conj/Fire      ##......     45%         4    N/A

Dungeon Overview and Level Annotations

Branches:
Dungeon (5/15)
 Temple: D:4-7

Altars:
Nemelex Xobeh
Qazlal

Annotations:
D:3 Bubs's ghost, amateur FoFi


Innate Abilities, Weirdness & Mutations

You do not eat or drink.
Your flesh is vulnerable to fire.
You are immune to poison.
Your flesh is cold resistant.
You are immune to negative energy.
You are immune to unholy pain and torment.
You can survive without breathing.


Message History

You climb downwards.
An ooze and a scorpion come into view.
Found a bone wand and 23 stones.
There is a stone staircase leading up here.
A kobold comes into view. It is wielding a dagger.
The kobold shouts!
The hound bites you.
* * * LOW HITPOINT WARNING * * *
Read which item? (? for menu, Esc to quit)
Blink to where?
Press: ? - help, Dir - move target cursor
As you read the scroll of blinking, it crumbles to dust.
Found an escape hatch in the ceiling.
There is an escape hatch in the ceiling here.
A mysterious force pulls you upwards. The hatch slams shut behind you.
An iguana, 2 adders and a worker ant come into view.
The worker ant twitches its antennae in your direction.
Found six items.
The worker ant bites you.
You die...

#...# #.##..........
#...# ##.#...........
..... ...............
#.....##)........S...
#.O...#..............
.......(....(..
.............l.
......$......^.
......a@S...../
...............
............... #
..........##### #
..........# #
.........## #
.#.......# #
#......## #


You could see an iguana, a worker ant and 2 adders.

Vanquished Creatures
  A phantom (D:4)
  An orc wizard (D:3)
  An iguana (D:4)
  A worker ant (D:4)
  8 adders
  2 oozes (D:1)
  A worm (D:2)
  2 dart slugs (D:1)
  4 orcs
  A ball python (D:1)
  10 bats
  3 giant cockroaches
  5 goblins
  4 hobgoblins
  5 kobolds
  A quokka (D:2)
  3 giant newts
  6 rats
59 creatures vanquished.

Notes
Turn   | Place    | Note
--------------------------------------------------------------
     0 | D:1      | Hipnos the Mummy Fire Elementalist began the quest for the Orb.
     0 | D:1      | Reached XP level 1. HP: 13/13 MP: 3/3
   324 | D:1      | Reached skill level 1 in Conjurations
   324 | D:1      | Reached XP level 2. HP: 19/19 MP: 1/5
   500 | D:1      | Reached skill level 3 in Fire Magic
   775 | D:1      | Reached XP level 3. HP: 23/24 MP: 2/6
  1036 | D:2      | Learned a level 2 spell: Throw Flame
  1040 | D:2      | Learned a level 3 spell: Conjure Flame
  1092 | D:2      | Found a sparkling altar of Nemelex Xobeh.
  1092 | D:2      | Found a stormy altar of Qazlal.
  1986 | D:2      | Reached XP level 4. HP: 20/30 MP: 0/7
  2771 | D:3      | Reached skill level 4 in Fire Magic
  2787 | D:3      | Reached XP level 5. HP: 8/35 MP: 1/9
  3058 | D:3      | Noticed Bubs's ghost (amateur FoFi)
  3158 | D:4      | Noticed a phantom
  3194 | D:4      | Killed a phantom
  3353 | D:4      | Learned a level 4 spell: Sticky Flame
  3467 | D:4      | Noticed an ogre
  3509 | D:4      | Noticed an ogre
  3514 | D:4      | Reached XP level 6. HP: 41/41 MP: 6/10
  3652 | D:5      | Entered Level 5 of the Dungeon
  3654 | D:5      | HP: 1/41 [hound (2)]
  3662 | D:4      | Slain by a worker ant

Skill      XL: |  1  2  3  4  5 |
---------------+----------------+-----
Conjurations   | 1 2 |  2.5
Fire Magic     | 3 4 |  4.5
Spellcasting   | 3 |  3.2
Dodging        | |  1.5
Stealth        | |  1.5

Action                   |  1- 3 |  4- 6 || total
-------------------------+-------+-------++-------
Melee: Unarmed           |     5 |       ||     5
       Dagger            |    35 |    19 ||    54
 Cast: Flame Tongue      |    45 |    59 ||   104
       Throw Flame       |     3 |    10 ||    13
  Use: Scroll            |       |     7 ||     7
 Stab: Sleeping          |     2 |       ||     2
Armor: Robe              |    13 |     7 ||    20
Dodge: Dodged            |    50 |    27 ||    77
